 Dungeon Crawl Stone Soup version 0.16.2-12-gd0ad4c3 (webtiles) character file.

385 faibistes the Cudgeler (level 6, -8/62 HPs)
             Began as an Ogre Warper on Dec 7, 2017.
             Killed by divine providence
             ... invoked by an orc priest
              (13 damage)
             ... on level 4 of the Dungeon.
             The game lasted 00:17:36 (7957 turns).

faibistes the Cudgeler (Ogre Warper)                Turns: 7957, Time: 00:17:36

Health: -8/62      AC:  3    Str: 17    XL:     6   Next: 77%
Magic:  12/14      EV: 10    Int: 14    God:
Gold:   225        SH:  0    Dex:  9    Spells: 5 memorised, 1 level left

rFire  . . .     SeeInvis .     a - +0 mace
rCold  . . .     Clarity  .     b - +0 robe
rNeg   . . .     SustAb   .     (shield restricted)
rPois  .         Gourm    .     (helmet restricted)
rElec  .         Spirit   .     (no cloak)
rCorr  .         Warding  .     (gloves unavailable)
rMut   .         Stasis   .     (boots unavailable)
MR     .....                    (no amulet)
Stlth  ..........               l - ring of loudness (curse)
                                k - ring of invisibility

@: not resistant to hostile enchantments, extremely unstealthy
A: unfitting armour, tough skin 1
a: Evoke Invisibility


You were on level 4 of the Dungeon.
You were not hungry.

You visited 2 branches of the dungeon, and saw 6 of its levels.

You collected 225 gold pieces.

Inventory:

Hand weapons
 a - a +0 mace (weapon)
Missiles
 e - 5 tomahawks of dispersal
 i - 44 stones (quivered)
Armour
 b - a +0 robe (worn)
Jewellery
 k - a ring of invisibility (left hand)
 l - a cursed ring of loudness (right hand)
Magical devices
 j - a wand of frost (34)
Scrolls
 d - a scroll of blinking
 h - a scroll of fear
 s - a scroll of recharging
Potions
 m - a potion of lignification {unknown}
 o - a potion of invisibility {unknown}
 p - 2 potions of haste
 r - 4 potions of curing {unknown}
 u - a potion of might {unknown}
Books
 c - a book of Spatial Translocations

   Spells                             Type                      Level
   a - Apportation                    Translocation                1
   b - Blink                          Translocation                2
   c - Shroud of Golubria             Charms/Translocation         2
   d - Portal Projectile              Translocation                3
   e - Teleport Other                 Translocation                3
   f - Passage of Golubria            Translocation                4
Comestibles
 f - 4 meat rations
 g - 3 bread rations
 n - 4 fruits


   Skills:
 + Level 3.6 Fighting
 * Level 4.2 Maces & Flails
 * Level 2.8 Throwing
 + Level 2.0 Armour
 - Level 1.7 Dodging
 * Level 3.9 Spellcasting
 * Level 3.0 Translocations
 * Level 1.9 Evocations


You had one spell level left.
You knew the following spells:

 Your Spells              Type           Power        Failure   Level  Hunger
a - Apportation           Tloc           ##........   6%          1    None
b - Teleport Other        Tloc           ##......     17%         3    ###....
c - Shroud of Golubria    Chrm/Tloc      #.........   17%         2    ##.....
d - Blink                 Tloc           N/A          10%         2    ##.....
e - Portal Projectile     Tloc           ##....       17%         3    ###....


Dungeon Overview and Level Annotations

Branches:
Dungeon (5/15)             Temple (1/1) D:4

Altars:
Cheibriados
Elyvilon
Fedhas
Kikubaaqudgha
Makhleb
Nemelex Xobeh
Qazlal
Trog
Zin


Innate Abilities, Weirdness & Mutations

You are too large for most types of armour.
You have tough skin (AC +1).


Message History

Casting: Shroud of Golubria
Confirm with . or Enter, or press ? or * to list all spells.
You blink.
The orc priest glows brightly for a moment.
Throwing (i - inventory. (,) - cycle):
i - 46 stones (quivered)
Press: ? - help, Shift-Dir - straight line, f - orc priest
Aim: an orc priest, wielding a mace of crushing and wearing a ring mail (heavily wounded)
You throw a stone. The stone hits the orc priest.
The orc priest is severely wounded.
The orc priest invokes the aid of Beogh against you.
Pain shoots through your body!
* * * LOW HITPOINT WARNING * * *
Throwing (i - inventory. (,) - cycle):
i - 45 stones (quivered)
Press: ? - help, Shift-Dir - straight line, f/p - orc priest
Aim: an orc priest, wielding a mace of crushing and wearing a ring mail (severely wounded)
You throw a stone. The stone hits the orc priest.
The orc priest is severely wounded.
The orc priest calls down the wrath of Beogh upon you.
Something smites you!
You die...

##....## ## #.. #
##..## #.... #
#..# #..... # #..#
..... # #..# ...#
# #..## .. ####
##...# #..####
##...(#
......######....@#
..........o..<##.#
...#.......[######
. ...######.).#


.PP ..## #...# .PP ..# ##..# #####.#### ..# #..# #......... ..# #..#
##.......... ..# #..# #.K§..o..... You could see an orc priest.

Vanquished Creatures
  The ghost of DEFE the Cutter, an average DEWr (D:3)
  2 orc wizards
  Jessica (D:2)
  7 adders
  3 gnolls
  6 worms
  A giant gecko (D:4)
  3 oozes
  10 orcs (D:3)
  A ball python (D:2)
  15 bats
  5 giant cockroaches
  9 hobgoblins
  7 jackals
  3 giant newts
  13 goblins
  10 kobolds
  4 quokkas
  5 rats
106 creatures vanquished.

Notes
Turn   | Place    | Note
--------------------------------------------------------------
     0 | D:1      | faibistes, the Ogre Warper, began the quest for the Orb.
     0 | D:1      | Reached XP level 1. HP: 22/22 MP: 3/3
   270 | D:1      | Reached skill level 3 in Maces & Flails
   298 | D:2      | Noticed Jessica
   492 | D:1      | Reached skill level 1 in Armour
   510 | D:1      | Reached XP level 2. HP: 29/29 MP: 5/5
   765 | D:1      | Learned a level 2 spell: Blink
   768 | D:1      | Learned a level 2 spell: Shroud of Golubria
  1186 | D:1      | Reached XP level 3. HP: 34/36 MP: 6/6
  1693 | D:2      | Killed Jessica
  2176 | D:2      | Reached XP level 4. HP: 38/45 MP: 8/8
  2191 | D:2      | Learned a level 3 spell: Teleport Other
  2927 | D:2      | Found a sparkling altar of Nemelex Xobeh.
  3053 | D:2      | HP: 1/45 [worm (4)]
  3754 | D:3      | Reached XP level 5. HP: 43/53 MP: 8/11
  4717 | D:4      | Reached skill level 1 in Evocations
  5083 | D:3      | Noticed DEFE's ghost (average DEWr)
  5320 | D:3      | Killed DEFE's ghost
  5320 | D:3      | Reached XP level 6. HP: 35/61 MP: 13/13
  5325 | D:3      | Learned a level 3 spell: Portal Projectile
  6314 | D:2      | Reached skill level 4 in Maces & Flails
  7111 | D:5      | Entered Level 5 of the Dungeon
  7297 | D:4      | Found a staircase to the Ecumenical Temple.
  7303 | Temple   | Entered the Ecumenical Temple
  7442 | D:3      | HP: 3/62 [orc (2)]
  7957 | D:4      | Killed from afar by an orc priest

Action                   |  1- 3 |  4- 6 || total
-------------------------+-------+-------++-------
Melee: Mace              |   119 |   297 ||   416
Throw: Stone             |    37 |   213 ||   250
 Cast: Shroud of Golubri |     4 |    32 ||    36
       Blink             |       |     3 ||     3
Evoke: Wand              |       |     6 ||     6
  Use: Scroll            |       |     6 ||     6
  Eat: Chunk             |     3 |    22 ||    25
